 Dungeon Crawl Stone Soup version 0.29.0-7-g18a832c13a (webtiles) character file.

Game seed: 11951916811052947911

6 SensoryNuts the Caller (level 1, 0/13 HPs)
             Began as a Demonspawn Summoner on Aug 30, 2022.
             Slain by a bat (1 damage)
             ... on level 1 of the Dungeon.
             The game lasted 00:00:37 (146 turns).

SensoryNuts the Caller (Demonspawn Summoner)         Turns: 146, Time: 00:00:37

Health: 0/13       AC:  2    Str:  8    XL:     1   Next: 75%
Magic:  1/3        EV: 12    Int: 16    God:
Gold:   26         SH:  0    Dex: 19    Spells: 3/4 levels left

rFire   . . .      SeeInvis .   d - +0 rapier
rCold   . . .      Faith    .   (no shield)
rNeg    . . .      Spirit   .   a - +0 robe
rPois   .          Reflect  .   (no helmet)
rElec   .          Harm     .   (no cloak)
rCorr   .          Rampage  .   (no gloves)
Will    .....                   (no boots)
Stlth   ++........              (no amulet)
HPRegen 0.04/turn               e - +6 ring of dexterity
MPRegen 0.08/turn               (no ring)

@: attractive
A: no striking features
a: no special abilities


You were on level 1 of the Dungeon.
You visited 1 branch of the dungeon, and saw 1 of its levels.

You collected 26 gold pieces.

Inventory:

Hand Weapons
 d - a +0 rapier (weapon)
Armour
 a - a +0 robe (worn)
Jewellery
 e - a +6 ring of dexterity (left hand)
Potions
 b - a potion of magic


   Skills:
 + Level 1.7 Dodging
 + Level 1.9 Stealth
 + Level 2.0 Spellcasting
 * Level 4.2 Summonings


You had 3 spell levels left.
You knew the following spells:

 Your Spells              Type           Power      Damage    Failure   Level
a - Summon Small Mammal   Summ           60%        N/A       3%          1

Your spell library contained the following spells:

 Spells                   Type           Power      Damage    Failure   Level
 Call Imp                 Summ           15%        N/A       5%          2
 Call Canine Familiar     Summ           15%        N/A       11%         3
 Summon Guardian Golem    Hex/Summ       8%         N/A       26%         3
 Summon Lightning Spire   Summ/Air       8%         N/A       65%         4


Dungeon Overview and Level Annotations

Branches:
Dungeon (1/15)

Altars:


Message History

You are too injured to fight recklessly!
You are too injured to fight recklessly!
You are too injured to fight recklessly!
The bat hits your rat but does no damage.
The hobgoblin hits your rat. The frilled lizard misses you.
Your rat barely misses the hobgoblin.
Casting: Summon Small Mammal (safe; 3% risk of failure)
Confirm with . or Enter, or press ? or * to list all spells.
The bat hits your rat but does no damage.
The frilled lizard bites you but does no damage.
The hobgoblin hits your rat.
Your rat dies!
Your rat's corpse disappears in a puff of smoke!
You swap places.
The frilled lizard barely misses your quokka.
Your quokka barely misses the frilled lizard.
The bat attacks as you move away! The bat barely misses you.
The bat misses you. The frilled lizard misses your quokka.
Your quokka misses the frilled lizard. The bat hits you.
The frilled lizard bites your quokka but does no damage.
Your quokka bites the frilled lizard.
The frilled lizard dies!
The bat attacks as you move away! The bat hits you.
* * * LOW HITPOINT WARNING * * *
The bat hits you.
* * * LOW HITPOINT WARNING * * *
Your quokka barely misses the hobgoblin.
It was a potion of attraction.
You feel attractive to monsters.
The hobgoblin is attracted toward you. x2
The bat hits you.
* * * LOW HITPOINT WARNING * * *
Sorry, you're not good enough to have a special ability.
Casting: Summon Small Mammal (safe; 3% risk of failure)
Confirm with . or Enter, or press ? or * to list all spells.
The bat closely misses you. The bat hits you but does no damage.
Your quokka bites the hobgoblin.
The hobgoblin closely misses you. The bat hits you.
You die...

..........?.###
..........†...### #.#
........†...#...##..##
#.?...!............#
#.....#......#....
###.#...#(....=#...
....#...#....r.#.#
..............gb.####.#
..............g.@.....#
........#..#...#.###....
........#..#.r.#... #
...†###.#..#...#....#
##...............##.#
#..#..##........# .#
##...............# #
##...###.....#####
##...# ##.


You could see 2 hobgoblins, a bat, a friendly quokka (summoned) and a friendly
rat (summoned).

Vanquished Creatures
  An endoplasm (D:1)
  A giant cockroach (D:1)
  A hobgoblin (D:1)
3 creatures vanquished.

Vanquished Creatures (collateral kills)
  An endoplasm (D:1)
  A frilled lizard (D:1)
2 creatures vanquished.

Grand Total: 5 creatures vanquished

Notes
Turn   | Place    | Note
-------+----------+-------------------------------------------
     0 | D:1      | SensoryNuts the Demonspawn Summoner began the quest for the
                  | Orb.
     0 | D:1      | Reached XP level 1. HP: 13/13 MP: 3/3
     6 | D:1      | Noticed a hound
     7 | D:1      | Noticed a swamp drake
   110 | D:1      | Found a faded altar of an unknown god.
   146 | D:1      | Slain by a bat

Illustrated notes

Levels and vault maps discovered:
D:1:      onia_arrival_zoo_common, layout_rooms,
          hellmonk_ecumenical_altar_lost_god, minmay_bisected

Action                   || total
-------------------------++-------
Melee: Rapier            ||     8
       Unarmed           ||     8
 Cast: Summon Small Mamm ||     5
  Use: Potion            ||     1
Armor: Robe              ||     4
Dodge: Dodged            ||    14
